 Dungeon Crawl Stone Soup version 0.24-a0-358-g53aee78b01 (webtiles) character file.

Game seed: 14111737667465081086

122362 Laiders72 the Bludgeoner (level 16, -3/154 HPs)
             Began as a Deep Dwarf Fighter on May 5, 2019.
             Was the Champion of Okawaru.
             Slain by a tyrant leech (13 damage)
             ... on level 4 of the Swamp on May 25, 2019.
             The game lasted 01:42:52 (23628 turns).

Laiders72 the Bludgeoner (Deep Dwarf Fighter)      Turns: 23628, Time: 01:42:53

Health: -3/154     AC: 33    Str: 23    XL:     16   Next: 34%
Magic:  1/1        EV: 11    Int: 15    God:    Okawaru [******]
Gold:   1315       SH: 16    Dex: 16    Spells: 15/15 levels left

rFire    + . .     SeeInvis .   G - +4 morningstar (venom)
rCold    + + +     Gourm    .   E - +4 buckler of Jigsaw {rElec rC+++ rCorr Stlth-}
rNeg     + + .     Faith    .   z - +0 crystal plate armour of Noimiv {rF- rC++ Int+3 Dex+3}
rPois    +         Spirit   .   O - -2 hat of the Alchemist {rElec rPois rF+ rC+ rN+ MR+ rMut rCorr}
rElec    +         Reflect  +   e - +2 cloak {+Inv}
rCorr    +         Harm     .   t - +2 pair of gloves
rMut     +                      Z - +0 pair of boots of the Morning Star {rPois MR+ rCorr}
MR       ++++.                  o - +6 amulet of reflection
Stlth    ..........             Y - ring of protection from fire
HPRegen  0.00/turn              X - +5 ring of protection
MPRegen  0.07/turn

@: non-regenerating, very slow
A: damage resistance, heal wounds, negative energy resistance 1, sense
surroundings 2, no regeneration
a: Heal Wounds, Heroism, Finesse, Renounce Religion, Evoke Invisibility


You were on level 4 of the Swamp.
You worshipped Okawaru.
Okawaru was exalted by your worship.
You were not hungry.

You visited 3 branches of the dungeon, and saw 25 of its levels.
You visited 1 bazaar.
You also visited: Ice Cave.

You collected 2023 gold pieces.
You spent 708 gold pieces at shops.

Inventory:

Hand Weapons
 G - a +4 morningstar of venom (weapon)
Missiles
 m - 30 javelins
 v - 19 boomerangs (quivered)
Armour
 e - a +2 cloak of invisibility (worn)
 t - a +2 pair of gloves (worn)
 z - the +0 crystal plate armour of Noimiv (worn) {rF- rC++ Int+3 Dex+3}
   (Okawaru gifted it to you on level 2 of the Lair of Beasts)

   It affects your intelligence (+3).
   It affects your dexterity (+3).
   It makes you vulnerable to fire.
   It greatly protects you from cold.
 E - the +4 buckler of Jigsaw (worn) {rElec rC+++ rCorr Stlth-}
   (You found it on level 7 of the Dungeon)

   It renders you almost immune to cold.
   It insulates you from electricity.
   It provides partial protection from all sources of acid and corrosion.
   It makes you less stealthy.
 O - the -2 hat of the Alchemist (worn) {rElec rPois rF+ rC+ rN+ MR+ rMut rCorr}
   (You bought it in a shop in a bazaar)

   It protects you from fire.
   It protects you from cold.
   It insulates you from electricity.
   It protects you from poison.
   It protects you from negative energy.
   It affects your resistance to hostile enchantments.
   It provides partial protection from all sources of acid and corrosion.
   It protects you from mutation.
 Z - the +0 pair of boots of the Morning Star (worn) {rPois MR+ rCorr}
   (You found it on level 6 of the Lair of Beasts)

   It protects you from poison.
   It affects your resistance to hostile enchantments.
   It provides partial protection from all sources of acid and corrosion.
Jewellery
 o - a +6 amulet of reflection (around neck)
 L - an uncursed ring of positive energy
 X - a +5 ring of protection (right hand)
 Y - a ring of protection from fire (left hand)
Wands
 b - a wand of enslavement (18)
 d - a wand of disintegration (13)
 k - a wand of acid (22)
 p - a wand of iceblast (24)
 F - a wand of paralysis (9)
 I - a wand of flame (19)
 K - a wand of polymorph (26)
 T - a wand of scattershot (4)
Scrolls
 c - a scroll of summoning {unknown}
 g - 2 scrolls of magic mapping
 h - 7 scrolls of amnesia
 j - 6 scrolls of enchant weapon
 s - 8 scrolls of teleportation
 y - 5 scrolls of fog
 B - 5 scrolls of fear
 J - a scroll of random uselessness {unknown}
 N - a scroll of enchant armour
 S - 3 scrolls of remove curse
 U - a scroll of brand weapon
 V - 6 scrolls of identify
Potions
 a - 10 potions of curing
 i - 5 potions of brilliance
 l - 2 potions of berserk rage
 n - 4 potions of agility
 r - 4 potions of lignification
 w - 4 potions of mutation
 x - a potion of heal wounds
 A - 3 potions of might
 C - 3 potions of haste
 D - 8 potions of flight
 H - 2 potions of invisibility
 Q - 3 potions of resistance
 W - 3 potions of cancellation
Miscellaneous
 u - 2 phantom mirrors
Comestibles
 f - 68 rations


   Skills:
 + Level 12.7 Fighting
 - Level 16.0 Maces & Flails
 + Level 12.5 Armour
 + Level 12.5 Dodging
 - Level 8.0 Shields
 + Level 12.9 Invocations
 + Level 8.9 Evocations


You had 15 spell levels left.
You didn't know any spells.
Your spell library contained the following spells:

 Spells                   Type           Power        Failure   Level  Hunger
 Corona                   Hex            #......      100%        1    ##.....
 Ensorcelled Hibernation  Hex/Ice        #.....       100%        2    ###....
 Confuse                  Hex            #.......     100%        3    ####...
 Dazzling Spray           Conj/Hex       #.....       100%        3    ####...
 Tukima's Dance           Hex            #.......     100%        3    ####...
 Irradiate                Conj/Tmut      #.........   100%        5    ######.
 Hydra Form               Tmut           #.........   100%        6    #######
 Statue Form              Tmut/Erth      #........    100%        6    #######
 Dragon Form              Tmut           #.........   100%        7    #######


Dungeon Overview and Level Annotations

Branches:
Dungeon (15/15)            Temple (0/1) D:7            Lair (6/6) D:10
  Swamp (4/4) Lair:2        Snake (0/4) Lair:3        Slime (0/5) Lair:5
    Orc (0/2) D:11         Vaults (0/5) D:14         Depths (0/5) D:15

Altars:
Dithmenos
Makhleb
Okawaru
Xom
Jiyva

Portals:
Hell: Lair:6

Annotations:
Lair:2 exclusion: 2 oklob plants


Innate Abilities, Weirdness & Mutations

You are resistant to damage.
You can heal yourself by infusing magical energy.
You resist negative energy. (rN+)
You passively map the area around you.
You do not regenerate.


Message History

Moving in this stuff is going to be slow.
The shadow barely misses you.
You puncture the shadow!
The shadow is heavily damaged.
You block the shadow's attack. The tyrant leech closely misses you.
Your unstable footing causes you to fumble your attack.
The shadow slips into darkness.
The shadow flickers and vanishes!
Deactivating autopickup; reactivate with Ctrl-A.
Your unstable footing causes you to fumble your attack.
You block the tyrant leech's attack.
The shadow strikes at you from the darkness!
Your unstable footing causes you to fumble your attack.
Your unstable footing causes you to fumble your attack.
The shadow strikes at you from the darkness!
Reactivating autopickup.
The tyrant leech misses you.
You closely miss the tyrant leech. The shadow hits you.
You barely miss the tyrant leech. The tyrant leech bites you!
You die...

..♣♣♣.≈≈≈≈♣≈≈≈≈.≈≈≈.♣♣
≈ ≈ .
♣.≈≈≈..≈≈≈.≈≈≈≈.≈♣ ,
♣≈≈.≈≈≈≈≈≈≈.≈≈≈≈≈≈.♣
≈≈≈ ≈
♣≈.≈≈≈.≈≈≈≈≈.≈≈≈≈.♣ ,
≈
.≈≈≈≈≈≈.≈≈≈≈..≈≈≈≈≈♣≈
≈ , ≈
≈.≈≈≈≈≈.≈≈≈≈..♣♣♣♣♣♣♣
≈ , ≈≈≈≈≈≈..≈...≈.≈♣♣
≈., . , ,
≈≈≈≈..♣♣♣.♣♣♣.♣♣≈♣≈.§♣
≈ * ≈≈≈≈≈.
*♣♣♣♣.≈@W.≈.≈♣* , ≈ ≈≈
♣.≈w≈.≈≈≈.. ≈ * ≈ *
♣♣.≈..≈≈≈.♣ * ,, ≈ *
≈≈≈≈.≈≈≈.♣ * ≈ ≈ , * ≈
*♣≈≈≈≈.≈≈≈.♣ * * ≈
.≈§≈.≈≈≈≈≈♣ ≈ *
,≈≈...≈≈≈≈§≈♣ *
♣♣♣≈§♣.≈≈≈≈≈♣ , ,, *,
≈ ≈ *≈


You could see a tyrant leech and a shadow.

Vanquished Creatures
  Jorgrun (D:12)
  Kirke (Swamp:1)
  Donald (Swamp:2)
  A fire giant (D:15)
  A frost giant (IceCv)
  Louise (D:14)
  The ghost of emperorscorpion the Carver, a journeyman DsBe of Trog (D:14)
  A minotaur (D:14)
  Snorg (D:14)
  2 rakshasas
  5 hydras
  A death knight (D:14)
  A ghost crab (Swamp:1)
  2 shambling mangroves
  12 alligators
  2 vault guards (D:14)
  2 centaur warriors
  2 two-headed ogres
  A queen ant (Lair:3)
  Urug (Lair:3)
  A skeletal warrior (D:14)
  A spriggan druid (Swamp:3)
  A sixfirhy (Lair:6)
  A flayed ghost (D:15)
  2 unseen horrors
  4 wizards
  Pikel (D:9)
  4 swamp dragons
  A necromancer (D:14)
  A wolf spider zombie (D:12)
  An oklob plant (Lair:4)
  4 deep elf magi
  2 cyclopes
  3 ugly things (D:14)
  2 manticores
  6 slime creatures (Swamp:3)
  7 elephants (Lair:2)
  Maurice (D:12)
  An ice statue (IceCv)
  Joseph (Lair:1)
  Psyche (D:12)
  7 black mambas
  A smoke demon (Lair:6)
  14 spiny frogs
  A spiny frog (shapeshifter) (D:11)
  A gargoyle (D:12)
  An orange demon (Lair:6)
  3 centaur skeletons
  2 torpor snails
  6 rime drakes
  An efreet (D:15)
  A yaktaur (D:14)
  8 komodo dragons
  3 ice devils (Lair:6)
  17 polar bears
  2 red devils (Lair:6)
  4 trolls
  2 queen bees
  3 meliai (D:12)
  11 hornets
  9 tyrant leeches
  A harpy skeleton (D:14)
  10 bog bodies
  A dream sheep (Lair:6)
  17 blink frogs
  A meliai zombie (D:10)
  13 hippogriffs
  Sigmund (D:2)
  4 wraiths (D:14)
  6 basilisks
  5 spriggans
  4 wyverns
  A hog (Swamp:1)
  16 humans (D:14)
  Grum (D:10)
  11 vampire mosquitoes
  68 yaks
  A hungry ghost (D:7)
  Edmund (D:6)
  An acid dragon (D:14)
  4 nagas (Lair:3)
  20 soldier ants (Lair:3)
  12 swamp worms
  Duvessa (D:5)
  A soldier ant (shapeshifter) (D:10)
  3 hell hounds (Lair:6)
  8 water moccasins
  6 sky beasts
  3 swamp drakes
  6 orc warriors
  16 porcupines
  12 ice beasts
  The ghost of Hylith the Covered, an amateur DDFi (D:3)
  8 ogres
  An eye of draining (shapeshifter) (D:15)
  An eye of draining (D:14)
  3 black bears
  2 necrophages
  19 wolves
  5 centaurs
  A phantom (D:14)
  13 crocodiles
  Blork the orc (D:5)
  20 bullfrogs
  2 big kobolds (D:11)
  Dowan (D:5)
  A water moccasin zombie (D:11)
  6 scorpions
  A hornet simulacrum (D:14)
  44 killer bees
  7 howler monkeys
  16 wights
  8 crimson imps
  3 electric eels
  2 quasits (D:11)
  7 centaur zombies
  A bullfrog zombie (D:7)
  6 hounds
  9 jellies
  Crazy Yiuf (D:3)
  3 bullfrog skeletons
  12 orc priests
  Terence (D:3)
  5 iguanas
  9 orc wizards
  27 worker ants
  A hound zombie (D:11)
  A hound skeleton (D:6)
  2 gnolls (D:4)
  A howler monkey skeleton (D:7)
  13 adders
  A hound simulacrum (D:11)
  3 shadow imps
  4 oozes
  An adder skeleton (D:4)
  An adder zombie (D:9)
  5 worms
  4 dart slugs
  8 leopard geckos
  47 orcs
  5 ball pythons
  4 giant cockroaches
  6 goblins
  8 hobgoblins
  17 jackals
  13 kobolds
  2 quokkas
  8 bats
  5 frilled lizards
  A giant cockroach zombie (D:5)
  A jackal zombie (D:5)
  A quokka skeleton (D:5)
  A quokka zombie (D:5)
  7 rats
856 creatures vanquished.

Vanquished Creatures (others)
  An alligator (Swamp:2)
  A centaur warrior (D:14)
  A wizard (D:14)
  A slime creature (Swamp:3)
  A bog body (Swamp:3)
  A shadow (D:15)
  A human (Swamp:1)
  A slave (D:9)
  7 centaurs
  An orc (D:6)
  3 fungi
  A plant (Lair:2)
20 creatures vanquished.

Grand Total: 876 creatures vanquished

Notes
Turn   | Place    | Note
-------+----------+-------------------------------------------
     0 | D:1      | Laiders72 the Deep Dwarf Fighter began the quest for the
                  | Orb.
     0 | D:1      | Reached XP level 1. HP: 20/20 MP: 1/1
    45 | D:1      | Reached XP level 2. HP: 24/27 MP: 2/2
   644 | D:2      | Reached XP level 3. HP: 20/34 MP: 3/3
   740 | D:2      | Noticed Sigmund
   749 | D:2      | Killed Sigmund
   749 | D:2      | Reached skill level 3 in Maces & Flails
   749 | D:2      | Reached XP level 4. HP: 38/44 MP: 4/4
   749 | D:2      | Reached XP level 5. HP: 43/50 MP: 5/5
   774 | D:2      | Found a faded altar of an unknown god.
   781 | D:2      | Reached skill level 4 in Maces & Flails
   944 | D:2      | Reached XP level 6. HP: 34/58 MP: 6/6
  1359 | D:3      | Found a runed translucent door.
  1359 | D:3      | Noticed Hylith's ghost (amateur DDFi)
  1733 | D:3      | Noticed Terence
  1743 | D:3      | Killed Terence
  1796 | D:3      | Found a runed translucent door.
  1797 | D:3      | Noticed Crazy Yiuf
  2056 | D:3      | Killed Hylith's ghost
  2056 | D:3      | Reached skill level 5 in Fighting
  2056 | D:3      | Reached skill level 5 in Maces & Flails
  2056 | D:3      | Reached XP level 7. HP: 40/67 MP: 4/4
  2140 | D:3      | Killed Crazy Yiuf
  2196 | D:4      | Upgraded the game from 0.24-a0-284-g9fb9971 to
                  | 0.24-a0-335-g06ca16a
  2312 | D:4      | Reached skill level 5 in Shields
  2735 | D:4      | Reached skill level 6 in Maces & Flails
  2818 | D:4      | Found an iron altar of Okawaru.
  2934 | D:4      | Became a worshipper of Warmaster Okawaru
  3120 | D:5      | Entered Level 5 of the Dungeon
  3120 | D:5      | Found a shimmering altar of Xom.
  3124 | D:5      | Noticed Dowan
  3125 | D:5      | Noticed Duvessa
  3139 | D:5      | Killed Duvessa
  3139 | D:5      | Reached skill level 1 in Invocations
  3139 | D:5      | Reached XP level 8. HP: 48/76 MP: 4/4
  3151 | D:5      | Killed Dowan
  3160 | D:5      | Found a shadowy altar of Dithmenos.
  3469 | D:5      | Noticed Blork the orc
  3479 | D:5      | Killed Blork the orc
  3705 | D:5      | Reached skill level 7 in Maces & Flails
  3891 | D:5      | Reached * piety under Okawaru
  4070 | D:6      | Gained mutation: You passively map the area around you.
                  | [Deep Dwarf growth]
  4070 | D:6      | Reached XP level 9. HP: 51/86 MP: 7/7
  4079 | D:6      | Reached ** piety under Okawaru
  4100 | D:6      | Reached skill level 8 in Maces & Flails
  4473 | D:6      | Reached skill level 5 in Invocations
  5021 | D:6      | Noticed Edmund
  5037 | D:6      | Killed Edmund
  5460 | D:7      | Found a staircase to the Ecumenical Temple.
  5466 | D:7      | Noticed a two-headed ogre
  5478 | D:7      | Killed a two-headed ogre
  5478 | D:7      | Reached *** piety under Okawaru
  5478 | D:7      | Reached skill level 9 in Maces & Flails
  5478 | D:7      | Reached XP level 10. HP: 46/98 MP: 6/9
  6312 | D:7      | Got an ichor-stained buckler
  6495 | D:7      | Identified the +4 buckler of Jigsaw {rElec rC+++ rCorr
                  | Stlth-} (You found it on level 7 of the Dungeon)
  6507 | D:7      | Upgraded the game from 0.24-a0-335-g06ca16a to
                  | 0.24-a0-355-gbe4061de67
  6628 | D:8      | You fall into a shaft and drop 1 floor!
  6664 | D:9      | Reached **** piety under Okawaru
  7020 | D:9      | Noticed Pikel
  7033 | D:9      | Killed Pikel
  7033 | D:9      | Reached skill level 10 in Maces & Flails
  8091 | D:10     | Entered Level 10 of the Dungeon
  8108 | D:10     | Reached ***** piety under Okawaru
  8170 | D:10     | Reached XP level 11. HP: 97/108 MP: 9/9
  8244 | D:10     | Noticed Grum
  8253 | D:10     | Killed Grum
  8277 | D:10     | Reached skill level 10 in Fighting
  8608 | D:10     | Found a staircase to the Lair.
  8758 | D:10     | Got a bloodstained robe
  8769 | D:10     | Identified the +2 robe of the Engineer {-Cast +Inv Str+6
                  | Slay+3} (You found it on level 10 of the Dungeon)
  8848 | D:11     | Reached skill level 11 in Maces & Flails
  8889 | D:11     | Reached skill level 1 in Dodging
  9010 | D:11     | Found a staircase to the Orcish Mines.
  9148 | D:11     | Noticed a harpy
  9159 | D:11     | a harpy changed into a spiny frog
  9813 | D:12     | Noticed a five-headed hydra
  9823 | D:12     | Killed a five-headed hydra
  9823 | D:12     | Received a gift from Okawaru
  9823 | D:12     | Reached skill level 5 in Armour
  9926 | D:12     | Noticed Jorgrun
  9943 | D:12     | Killed Jorgrun
  9943 | D:12     | Received a gift from Okawaru
  9943 | D:12     | Reached ****** piety under Okawaru
  9943 | D:12     | Received a gift from Okawaru
  9943 | D:12     | Reached skill level 12 in Maces & Flails
  9943 | D:12     | Reached XP level 12. HP: 65/116 MP: 1/9
 10005 | D:12     | Reached skill level 10 in Invocations
 10086 | D:12     | Reached skill level 5 in Dodging
 10264 | D:12     | Received a gift from Okawaru
 10423 | D:12     | Noticed Psyche
 10428 | D:12     | Paralysed by Psyche for 3 turns
 10436 | D:12     | Killed Psyche
 10632 | D:12     | Noticed Maurice
 10643 | D:12     | Killed Maurice
 10701 | D:13     | Reached skill level 13 in Maces & Flails
 10788 | D:13     | Noticed a centaur warrior
 10794 | D:13     | Killed a centaur warrior
 10803 | D:13     | Found a flickering gateway to a bazaar.
 10804 | D:13     | Noticed a two-headed ogre
 10817 | D:13     | Killed a two-headed ogre
 10827 | Bazaar   | Entered a bazaar
 10827 | Bazaar   | Found Lenguawn's Antique Armour Boutique.
 10827 | Bazaar   | Found Umnumun's Gadget Boutique.
 10852 | Bazaar   | Found Duedghu's Armour Emporium.
 10879 | Bazaar   | Found Jiredierr's Distillery.
 10891 | Bazaar   | Found Quve's Distillery.
 10942 | Bazaar   | Bought the -2 hat of the Alchemist {rElec rPois rF+ rC+ rN+
                  | MR+ rMut rCorr} for 708 gold pieces
 10942 | Bazaar   | Found the -2 hat of the Alchemist {rElec rPois rF+ rC+ rN+
                  | MR+ rMut rCorr}
 11294 | D:13     | Found a frozen archway.
 11356 | IceCv    | Entered an ice cave
 11750 | IceCv    | Reached XP level 13. HP: 82/123 MP: 5/8
 11816 | IceCv    | Reached skill level 14 in Maces & Flails
 11867 | IceCv    | Noticed a frost giant
 11919 | IceCv    | Killed a frost giant
 12063 | IceCv    | Got a brightly glowing hat
 12076 | IceCv    | Identified the cursed -1 hat "Gefymoma" {+Blink rF+ Str+2}
                  | (You found it in an ice cave)
 13008 | D:14     | Received a gift from Okawaru
 13138 | D:14     | You fall into a shaft and drop 1 floor!
 13138 | D:15     | Entered Level 15 of the Dungeon
 13147 | D:15     | Noticed a fire giant
 13187 | D:15     | Found a staircase to the Depths.
 13201 | D:15     | Reached skill level 15 in Maces & Flails
 13493 | D:15     | Killed a fire giant
 13785 | D:14     | Reached skill level 16 in Maces & Flails
 13851 | D:14     | Found a gate to the Vaults.
 14050 | D:14     | Noticed Snorg
 14061 | D:14     | Killed Snorg
 14061 | D:14     | Gained mutation: You resist negative energy. (rN+) [Deep
                  | Dwarf growth]
 14061 | D:14     | Reached XP level 14. HP: 103/133 MP: 8/8
 14142 | D:14     | Received a gift from Okawaru
 14238 | D:14     | Noticed emperorscorpion's ghost (journeyman DsBe)
 14320 | D:14     | Noticed Louise
 14356 | D:14     | Killed Louise
 14372 | D:14     | Found a runed translucent gate.
 14373 | D:14     | Found a runed translucent gate.
 14374 | D:14     | Found a runed translucent gate.
 14635 | D:14     | Got a translucent cloak
 15100 | D:14     | Identified the +0 cloak of Zin's Brutal Revenge {-Cast MR-
                  | Int+6 Dex+4} (You found it on level 14 of the Dungeon)
 15213 | D:14     | Killed emperorscorpion's ghost
 15365 | Lair:1   | Entered Level 1 of the Lair of Beasts
 15448 | Lair:1   | Reached skill level 10 in Dodging
 15476 | Lair:1   | Reached skill level 10 in Armour
 15518 | Lair:1   | Noticed Joseph
 15536 | Lair:1   | Killed Joseph
 16650 | Lair:2   | Received a gift from Okawaru
 16665 | Lair:2   | Got a brightly glowing crystal plate armour {god gift}
 16676 | Lair:2   | Identified the +0 crystal plate armour of Noimiv {rF- rC++
                  | Int+3 Dex+3} (Okawaru gifted it to you on level 2 of the
                  | Lair of Beasts)
 16719 | Lair:2   | Reached skill level 1 in Evocations
 17355 | Lair:2   | Found a staircase to the Swamp.
 17845 | Lair:3   | Reached XP level 15. HP: 69/142 MP: 6/6
 18113 | Lair:3   | Noticed Urug
 18138 | Lair:3   | Killed Urug
 18144 | Lair:3   | Upgraded the game from 0.24-a0-355-gbe4061de67 to
                  | 0.24-a0-358-g53aee78b01
 18178 | Lair:3   | Found a staircase to the Snake Pit.
 19395 | Lair:5   | Received a gift from Okawaru
 19398 | Lair:5   | Reached skill level 5 in Evocations
 19411 | Lair:5   | Got a steaming robe {god gift}
 19423 | Lair:5   | Identified the +0 robe of the Poles {rF+} (Okawaru gifted
                  | it to you on level 5 of the Lair of Beasts)
 19800 | Lair:5   | Found a runed translucent door.
 19800 | Lair:5   | Found a viscous altar of Jiyva.
 19800 | Lair:5   | Found a staircase to the Slime Pits.
 20068 | Lair:6   | Entered Level 6 of the Lair of Beasts
 20248 | Lair:6   | Got a pair of fine boots
 20416 | Lair:6   | Identified the cursed +0 pair of boots of the Morning Star
                  | {rPois MR+ rCorr} (You found it on level 6 of the Lair of
                  | Beasts)
 20503 | Lair:6   | Found a shimmering altar of Xom.
 20884 | Lair:6   | Found a burning altar of Makhleb.
 20953 | Lair:6   | Found a gateway to Hell.
 21357 | Swamp:1  | Entered Level 1 of the Swamp
 21378 | Swamp:1  | Noticed Kirke
 21394 | Swamp:1  | Killed Kirke
 21654 | Swamp:1  | Paralysed by a hornet for 2 turns
 22150 | Swamp:2  | Reached XP level 16. HP: 104/154 MP: 3/3
 22649 | Swamp:2  | Noticed Donald
 22670 | Swamp:2  | Killed Donald
 22937 | Swamp:3  | Identified 2 scrolls of acquirement
 22947 | Swamp:3  | Got a crude demon blade
 22948 | Swamp:3  | Identified the +3 demon blade of the Extremely Mad
                  | {protect, rPois rF+} (You acquired it on level 3 of the
                  | Swamp)
 22980 | Swamp:3  | Received a gift from Okawaru
 23030 | Swamp:3  | Got a blackened demon whip {god gift}
 23031 | Swamp:3  | Identified the +6 demon whip "Zienimat" {pain, *Slow rElec
                  | rPois rF+} (Okawaru gifted it to you on level 3 of the
                  | Swamp)
 23501 | Swamp:3  | Got a fine wooden ring
 23503 | Swamp:3  | Identified the ring of Fiweinwi {rPois rC+} (You acquired
                  | it on level 3 of the Swamp)
 23531 | Swamp:4  | Entered Level 4 of the Swamp
 23570 | Swamp:4  | HP: 7/154 [tyrant leech (15)]
 23628 | Swamp:4  | Slain by a tyrant leech

Levels and vault maps discovered:
D:1:      minmay_arrival_stone_box, layout_rooms
D:2:      layout_rooms, chequers_ecumenical_altar_simple, minmay_octomino_j4,
          uniq_sigmund
D:3:      layout_loops_cross, first_ration, hellmonk_ghost_happy_afterlife,
          uniq_terence, uniq_crazy_yiuf_cottage
D:4:      layout_gridville, okawaru_altar_gauntlet_db
D:5:      layout_basic, grunt_dithmenos_smoke_and_mirrors, basic_altar,
          uniq_duvessa, uniq_blork_the_orc
D:6:      layout_layer_cave, uniq_edmund
D:7:      layout_basic, minmay_temple_entry_junction, minmay_curled_crystal
D:8:      layout_basic
D:9:      layout_loops_ring, uniq_pikel
D:10:     layout_irregular_city, grunt_lair_entry_orc_guard_hut,
          kennysheep_boxes, uniq_grum
D:11:     kennysheep_blocky_room, layout_loops_ring, orc_0_dummy
D:12:     layout_roguey [special_room_bee], uniq_maurice, uniq_psyche,
          uniq_jorgrun
D:13:     layout_long_grid, portal_ice_cave_entry_ice_beasts, serial_shops,
          bzr_entry_lakeside
D:14:     layout_loops_corners, grunt_vaults_entry_tiered,
          hangedman_decor_peaks_small, maelrawn_ghost_gauntlet_escape,
          david_nohive_1, minmay_variable_closet, uniq_louise, uniq_snorg
D:15:     grunt_enter_depths_giant_problem, layout_rooms
Lair:1:   layout_layer_cave, special_room, beast_lair_carwin_3, uniq_joseph
Lair:2:   layout_gridlike, nicolae_swamp_entry_splash_gauntlet,
          chequers_serial_rivers_room_a, infiniplex_staircase_pool_2,
          grunt_megastairs_4, lemuel_fruit_fields, lemuel_fruit_tree,
          serial_bayou_shore_b, minmay_lair_oklob_chamber
Lair:3:   layout_regular_city, minmay_snake_entry_guardpost_small, minivault_29,
          serial_bayou_shore_a, uniq_urug
Lair:4:   layout_roguey
Lair:5:   layout_misc_corridors, slime_altar_2, serial_bayou_shore_b,
          serial_bayou_shore_b
Lair:6:   evil_forest, layout_loops_ring, st_stairs_7, lemuel_centaur_altar,
          serial_bayou_shore_b, grunt_megastairs_1
Swamp:1:  layout_basic_swamp, evilmike_swamp_ruin_house_3, uniq_kirke
Swamp:2:  layout_basic_swamp, nicolae_swamp_stair_fork, swamp_pool1, uniq_donald
Swamp:3:  layout_basic_swamp, evilmike_swamp_ruin_rubble_2, swamp_pool4
Swamp:4:  swamp_old_school, layout_basic_swamp

Skill      XL: |  1  2  3  4  5  6  7  8  9 10 11 12 13 14 15 16 |
---------------+-------------------------------------------------+-----
Fighting       | 3 4 5 6 7 8 9 10 11 12 | 12.7
Maces & Flails | 3 4 5 6 7 9 10 12 13 16 | 16.0
Shields        | 4 5 6 7 8 |  8.0
Invocations    | 1 3 5 7 9 10 12 | 12.9
Dodging        | 4 7 8 10 12 | 12.5
Armour         | 5 8 10 12 | 12.5
Evocations     | 3 7 8 |  8.9

Action                   |  1- 3 |  4- 6 |  7- 9 | 10-12 | 13-15 | 16-18 || total
-------------------------+-------+-------+-------+-------+-------+-------++-------
Melee: Flail             |   107 |    80 |       |       |       |       ||   187
       Morningstar       |       |   146 |   463 |   933 |  2167 |   328 ||  4037
Throw: Boomerang         |       |     2 |       |       |     3 |       ||     5
       Javelin           |       |     1 |       |       |       |       ||     1
Invok: Heroism           |       |       |     3 |    14 |    13 |     2 ||    32
       Finesse           |       |       |       |     3 |     6 |       ||     9
 Abil: Heal Wounds       |     1 |     8 |    13 |    25 |    49 |     2 ||    98
Evoke: Wand              |       |       |       |       |     8 |       ||     8
  Use: Scroll            |     3 |     6 |     2 |     7 |     7 |     8 ||    33
       Potion            |     2 |       |       |     2 |     8 |     1 ||    13
 Stab: Confused          |       |       |       |       |       |     3 ||     3
  Eat: Chunk             |       |     4 |    10 |    14 |    29 |     3 ||    60
       Ration            |       |       |     1 |     2 |     2 |     1 ||     6
Armor: Scale mail        |    77 |   117 |   168 |       |       |       ||   362
       Chain mail        |       |       |    13 |    29 |       |       ||    42
       Plate armour      |       |       |       |   183 |   290 |       ||   473
       Robe              |       |       |       |    70 |       |       ||    70
       Crystal plate arm |       |       |       |       |   611 |   178 ||   789
Dodge: Dodged            |    48 |    88 |   149 |   312 |   660 |   135 ||  1392
Block: Shield            |    64 |   150 |   335 |    67 |       |       ||   616
       Reflection        |       |       |     2 |    21 |    29 |     7 ||    59
       Buckler           |       |       |       |   741 |  1759 |   306 ||  2806

Table legend:
 A = Non-vault XP
 B = Vault XP
 C = Vault XP percentage of total XP
 D = Non-vault monster count
 E = Vault monster count
 F = Vault count percentage of total count
                 A         B        C        D         E       F
            +---------+---------+-------+---------+---------+-------
      Total |  111564 |   63240 |  36.2 |     612 |     257 |  29.6
            +---------+---------+-------+---------+---------+-------
        D:1 |      40 |       0 |   0.0 |      19 |       0 |   0.0
        D:2 |     141 |     235 |  62.5 |      28 |       5 |  15.2
        D:3 |     156 |     206 |  56.9 |      27 |       3 |  10.0
        D:4 |     585 |      36 |   5.8 |      32 |       5 |  13.5
        D:5 |     706 |     324 |  31.5 |      22 |       3 |  12.0
        D:6 |    2352 |     164 |   6.5 |      25 |       1 |   3.8
        D:7 |    1789 |       0 |   0.0 |      21 |       0 |   0.0
        D:8 |     841 |       0 |   0.0 |      22 |       0 |   0.0
        D:9 |    2087 |     663 |  24.1 |      21 |       1 |   4.5
       D:10 |    1704 |    1018 |  37.4 |      21 |       7 |  25.0
       D:11 |    4644 |     870 |  15.8 |      46 |       8 |  14.8
       D:12 |    4067 |    6520 |  61.6 |      26 |      28 |  51.9
       D:13 |    3892 |    1042 |  21.1 |      14 |       8 |  36.4
       D:14 |   12064 |   16278 |  57.4 |      38 |      51 |  57.3
       D:15 |    5416 |    1975 |  26.7 |      17 |       1 |   5.6
     Lair:1 |    5352 |    1378 |  20.5 |      25 |       5 |  16.7
     Lair:2 |    6977 |    2261 |  24.5 |      25 |      11 |  30.6
     Lair:3 |    6303 |    6053 |  49.0 |      28 |      42 |  60.0
     Lair:4 |    5853 |       0 |   0.0 |      25 |       0 |   0.0
     Lair:5 |    6199 |      94 |   1.5 |      25 |       3 |  10.7
     Lair:6 |    7973 |    9925 |  55.5 |      24 |      36 |  60.0
    Swamp:1 |   10786 |    2419 |  18.3 |      29 |       2 |   6.5
    Swamp:2 |    8272 |    1954 |  19.1 |      20 |       1 |   4.8
    Swamp:3 |    9856 |       0 |   0.0 |      26 |       0 |   0.0
    Swamp:4 |    3509 |       0 |   0.0 |       6 |       0 |   0.0
      IceCv |       0 |    9825 | 100.0 |       0 |      36 | 100.0
            +---------+---------+-------+---------+---------+-------
